 Dungeon Crawl Stone Soup version 0.30-a0-219-gf2db51d15e (webtiles) character file.

Game seed: 4268606668972228315

62 BlueGoblin the Grasshopper (level 3, 0/32 HPs)
             Began as an Armataur Warper on Oct 6, 2022.
             Slain by a goblin
             ... wielding a +0 dagger
             ... led by Robin
              (5 damage)
             ... on level 2 of the Dungeon.
             The game lasted 00:03:28 (1106 turns).

BlueGoblin the Grasshopper (Armataur Warper)        Turns: 1106, Time: 00:03:29

Health: 0/32       AC:  4    Str: 16    XL:     3   Next: 85%
Magic:  6/6        EV:  9    Int: 13    God:
Gold:   77         SH:  0    Dex: 11    Spells: 6/6 levels left

rFire   . . .      SeeInvis .    a - +0 falchion
rCold   . . .      Faith    .    (no shield)
rNeg    . . .      Spirit   .    b - +0 leather armour
rPois   .          Reflect  .    (no helmet)
rElec   .          Harm     .    (no cloak)
rCorr   .          Roll     +    (no gloves)
Will    .....                    (no barding)
Stlth   +.........               (no amulet)
HPRegen 0.25/turn                (no ring)
MPRegen 0.10/turn                (no ring)

@: hasted, very quick
A: large, rugged brown scales 3, deformed body, armoured tail, roll, long
tongue, awkward tongue
a: no special abilities


You were on level 2 of the Dungeon.
You visited 1 branch of the dungeon, and saw 2 of its levels.

You collected 77 gold pieces.

Inventory:

Hand Weapons
 a - a +0 falchion (weapon)
Missiles
 d - 7 boomerangs of dispersal (quivered)
Armour
 b - a +0 leather armour (worn)
Scrolls
 c - 2 scrolls of blinking
 e - a scroll of identify {unknown}
 g - a scroll of teleportation {unknown}
Potions
 h - a potion of ambrosia {unknown}


   Skills:
 + Level 2.3 Fighting
 - Level 1.7 Long Blades
 - Level 0.8 Throwing
 + Level 1.8 Armour
 + Level 1.5 Dodging
 + Level 2.0 Spellcasting
 + Level 4.0 Translocations


You had 6 spell levels left.
You didn't know any spells.
Your spell library contained the following spells:

 Spells                   Type           Power      Damage    Failure   Level
 Blink                    Tloc           22%        N/A       9%          2
 Lesser Beckoning         Tloc           22%        N/A       19%         3
 Teleport Other           Tloc           11%        N/A       19%         3
 Vhi's Electric Charge    Tloc/Air       12%        N/A       38%         3
 Static Discharge         Conj/Air       2%         2-3/arc   43%         2
 Manifold Assault         Tloc           11%        N/A       52%         4
 Arcjolt                  Conj/Air       0%         1d10      100%        5
 Lightning Bolt           Conj/Air       0%         1d11      100%        5


Dungeon Overview and Level Annotations

Branches:
Dungeon (2/15)

Altars:

Annotations:
D:2 Robin


Innate Abilities, Weirdness & Mutations

You are completely covered in rugged brown scales. (AC +3, +7% HP)
Armour fits poorly on your strangely shaped body.
You have a long armoured tail.
You roll when moving toward enemies. (Rampage)
Your long tongue fully drains potion bottles. (2x potion effects)
Your tongue gives you trouble enunciating. (1.5x scroll delay)


Message History

You hit the hobgoblin.
You kill the hobgoblin!
Robin of the Strong Arm comes into view.
They are wielding a +0 mace.
The goblin unwields a +0 club.
The goblin wields a +0 sling.
The goblin shoots a sling bullet.
The sling bullet barely misses you. The goblin hits you but does no damage.
Robin roars a battlecry!
The goblin goes into a battle-frenzy!
You barely miss the goblin.
The goblin shoots a sling bullet.
The sling bullet hits you. The goblin completely misses you.
The goblin shoots a sling bullet.
The sling bullet hits you.
There are monsters nearby!
You are too injured to fight recklessly!
There are monsters nearby!
You are too injured to fight recklessly!
There are monsters nearby!
You are too injured to fight recklessly!
You are too injured to fight recklessly!
Sorry, you're not good enough to have a special ability.
Unknown command.
Unknown command.
You hit the goblin.
You kill the goblin!
You hit the goblin but do no damage.
The goblin unwields a +0 sling.
The goblin wields a +0 club.
The goblin closely misses you.
You closely miss the goblin. The goblin hits you but does no damage.
You closely miss the goblin. You tail-slap the goblin.
The goblin is severely wounded.
The goblin hits you with a +0 club.
You hit the goblin.
You kill the goblin!
You hit the goblin but do no damage. The goblin hits you with a +0 dagger.
* * * LOW HITPOINT WARNING * * *
You hit the goblin but do no damage. The goblin completely misses you.
You barely miss the goblin. The goblin hits you with a +0 dagger.
* * * LOW HITPOINT WARNING * * *
The goblin completely misses you.
It was a potion of haste.
You feel yourself speed up. The goblin hits you with a +0 dagger.
You die...

#.#.......#
#.#######.#
#.##P...#.#
#.##....#.#
####.P..#.# #####
#....#.# #...
######.#####.#
#.......##
######.#@####.###
#..###g).....#
#.# #)####.#.# #.
#g## . ..g #.###.
. #. ## #. #J


You could see a goblin (strong).

Vanquished Creatures
  A gnoll (D:1)
  A dart slug (D:2)
  5 endoplasms
  2 giant cockroaches (D:1)
  9 goblins
  7 hobgoblins
  4 jackals (D:2)
  A quokka (D:1)
  5 bats
  2 frilled lizards (D:1)
  3 kobolds (D:1)
  A rat (D:2)
41 creatures vanquished.

Notes
Turn   | Place    | Note
-------+----------+-------------------------------------------
     0 | D:1      | BlueGoblin the Armataur Warper began the quest for the Orb.
     0 | D:1      | Reached XP level 1. HP: 18/18 MP: 3/3
    86 | D:1      | Reached XP level 2. HP: 25/25 MP: 4/4
   521 | D:1      | Reached XP level 3. HP: 29/31 MP: 5/5
   765 | D:1      | Found a faded altar of an unknown god.
   999 | D:2      | Reached skill level 4 in Translocations
  1095 | D:2      | Noticed Robin
  1106 | D:2      | Slain by a goblin

Illustrated notes

Levels and vault maps discovered:
D:1:      dpeg_arrival_simpleton_a, layout_loops_ring,
          dilly_ecumenical_altar_fadedgnrine, dreamdust_wishing_well
D:2:      layout_loops_ring, serial_aquarium, aquarium_bridge_straight
          [aquarium_subvault_bridge, aquarium_subvault_wall,
          aquarium_subvault_bridge, aquarium_subvault_window],
          aquarium_bridge_long_joined [aquarium_subvault_bridge,
          aquarium_subvault_bridge, aquarium_subvault_wall,
          aquarium_subvault_bridge, aquarium_subvault_window,
          aquarium_subvault_wall], aquarium_window_corner, aquarium_window_2,
          aquarium_window_corridor_1, aquarium_view_2b, aquarium_pool_2,
          uniq_jessica, uniq_robin

Skill      XL: |  1  2  3 |
---------------+----------+-----
Fighting       | 2 |  2.3
Translocations | 4 |  4.0
Spellcasting   | 2 |  2.0
Long Blades    | |  1.7
Throwing       | |  0.8
Armour         | |  1.8
Dodging        | |  1.5

Action                   || total
-------------------------++-------
Melee: Falchion          ||   117
       Tailslap          ||    14
  Use: Potion            ||     1
Armor: Leather armour    ||    39
Dodge: Dodged            ||    55

Table legend: (Time is in decaauts)
 A = Elapsed time spent in this place.
 B = Non-inter-level travel time spent in this place.
 C = Inter-level travel time spent in this place.
 D = Time resting spent in this place.
 E = Time spent auto-exploring this place.
 F = Levels seen in this place.
 G = Mean time per level.
                   A        B        C        D        E       F      G
               +--------+--------+--------+--------+--------+-----+--------+
         Total |   1131 |   1116 |     15 |      0 |    890 |   2 |  565.5 |
       Dungeon |   1131 |   1116 |     15 |      0 |    890 |   2 |  565.5 |
               +--------+--------+--------+--------+--------+-----+--------+

Top non-repeatable levels by time:
     D:1: 797 daAuts
     D:2: 333 daAuts
